AoeStats
← BetteraveRouge

Arena

508033054Analyzed
4v4 RM · 13d ago on Sep 20, 2026· 49m 12s· 8 players
Game mode
Random Map
Map size
Large (8 player)
Population
200
Speed
Normal
Resources
Standard
Victory
Conquest
Starting age
Dark Age
Ending age
Imperial Age
RankedLock teamsTeams togetherTeam positionsShared explorationLock speedFull tech treeHidden civsTurbo modeCheats
Victory
Defeat
🇫🇷 Spanish · France
1212
+14
🇬🇧 Chinese · United Kingdom
1161
+16
🇮🇹 Britons · Italy
1159
+16
🇺🇸 Magyars · United States
1155
+16
🇺🇸 Khmer · United States
1196
-18
🇦🇷 Dravidians · Argentina
1175
-16
🇨🇱 Japanese · Chile
1173
-16
🇦🇷 Mongols · Argentina
1073
-12
tracter3515
2:32 Loom
9:57 Feudal Age
14:01 Castle Age
20:09 Wheelbarrow
20:11 Double-Bit Axe
20:44 Horse Collar
23:48 Hand Cart
24:03 Devotion
24:44 Sanctity
25:30 Bow Saw
25:11 Gold Mining
25:31 Heavy Plow
25:52 Husbandry
27:26 Bloodlines
29:56 Scale Barding Armor
30:02 Forging
35:25 Imperial Age
34:16 Chain Barding Armor
34:32 Iron Casting
36:03 Caravan
37:38 Chemistry
36:59 Ballistics
37:12 Conscription
39:25 Plate Barding Armor
41:09 Blast Furnace
40:00 Fletching
40:10 Padded Archer Armor
40:23 Masonry
40:28 Elite Battle Elephant
43:41 Architecture
Tesorito
11:27 Feudal Age
9:42 Loom
15:45 Castle Age
13:52 Double-Bit Axe
14:32 Horse Collar
15:48 Wheelbarrow
15:48 Town Watch
19:49 Gold Mining
25:25 Scale Mail Armor
25:36 Forging
30:43 Hand Cart
30:56 Town Patrol
34:29 Chain Mail Armor
34:50 Iron Casting
38:40 Imperial Age
37:38 Bow Saw
38:27 Ballistics
38:21 Fortified Wall
38:05 Fletching
38:16 Padded Archer Armor
38:59 Elite Skirmisher
39:38 Bodkin Arrow
39:58 Leather Archer Armor
40:38 Pikeman
41:33 Squires
41:19 Gambesons
43:40 Kataparuto
43:40 Conscription
45:27 Blast Furnace
44:07 Halberdier
48:44 Ring Archer Armor
VeiledBell97985
3:36 Loom
11:22 Feudal Age
13:05 Double-Bit Axe
15:54 Castle Age
14:05 Horse Collar
16:28 Wheelbarrow
17:32 Bow Saw
17:26 Heavy Plow
20:46 Gold Mining
21:59 Stone Mining
25:00 Gold Shaft Mining
28:44 Imperial Age
26:35 Hand Cart
26:05 Town Watch
26:12 Fletching
27:36 Stone Shaft Mining
27:33 Masonry
27:20 Murder Holes
28:26 Bodkin Arrow
28:32 Padded Archer Armor
28:56 Ballistics
28:47 Fortified Wall
28:33 Murder Holes
30:11 Conscription
30:42 Hoardings
31:13 Chemistry
30:21 Bracer
30:37 Leather Archer Armor
31:26 Husbandry
31:36 Bloodlines
31:24 Heavy Camel Rider
32:17 Forging
32:22 Scale Barding Armor
33:00 Parthian Tactics
33:50 Thumb Ring
38:10 Iron Casting
38:03 Light Cavalry
LimAstora2434
10:20 Feudal Age
14:39 Castle Age
13:07 Double-Bit Axe
14:09 Horse Collar
15:42 Bow Saw
15:57 Heavy Plow
16:24 Stone Mining
16:24 Gold Mining
16:31 Gold Mining
18:37 Loom
22:51 Town Watch
23:06 Stone Mining
24:03 Fletching
25:22 Wheelbarrow
27:02 Husbandry
28:22 Thumb Ring
31:08 Imperial Age
28:44 Bodkin Arrow
28:54 Padded Archer Armor
31:05 Medical Corps
31:30 Leather Archer Armor
30:46 Elite Skirmisher
33:53 Chemistry
33:04 Masonry
33:16 Ballistics
35:05 Hand Cart
35:29 Scale Barding Armor
35:35 Forging
Empire
4:12 Loom
11:50 Feudal Age
16:18 Castle Age
14:16 Double-Bit Axe
19:46 Horse Collar
20:16 Bow Saw
24:17 Wheelbarrow
25:09 Gold Mining
25:19 Stone Mining
26:28 Scale Barding Armor
27:34 Chain Barding Armor
28:13 Heavy Plow
28:33 Hand Cart
31:20 Imperial Age
29:17 Fletching
29:28 Padded Archer Armor
29:48 Corvinian Army
29:16 Pikeman
30:30 Bodkin Arrow
30:58 Ballistics
30:48 Masonry
30:51 Scale Mail Armor
31:28 Thumb Ring
32:21 Leather Archer Armor
31:44 Elite Magyar Huszar
33:06 Conscription
34:08 Plate Barding Armor
36:28 Bloodlines
36:19 Husbandry
36:15 Heavy Cavalry Archer
37:44 Gold Shaft Mining
37:57 Parthian Tactics
38:11 Bracer
39:26 Ring Archer Armor
39:36 Recurve Bow
41:55 Two-Man Saw
42:05 Crop Rotation
43:03 Chemistry
42:31 Chain Mail Armor
41:53 Halberdier
43:57 Hoardings
43:25 Murder Holes
47:59 Caravan
48:05 Siege Engineers
SideMeerkat6918
0:33 Loom
11:56 Feudal Age
13:19 Wheelbarrow
12:27 Horse Collar
12:33 Double-Bit Axe
12:40 Town Watch
21:02 Castle Age
19:29 Stone Mining
19:32 Gold Mining
19:54 Padded Archer Armor
19:45 Fletching
22:09 Leather Archer Armor
21:50 Bodkin Arrow
21:58 Heavy Plow
22:22 Bow Saw
23:52 Hand Cart
30:27 Gold Shaft Mining
31:41 Thumb Ring
40:40 Imperial Age
41:45 Conscription
42:57 Ring Archer Armor
42:28 Bracer
44:11 Two-Man Saw
42:50 Elite Chu Ko Nu
BetteraveRouge
11:03 Feudal Age
14:37 Castle Age
13:00 Double-Bit Axe
13:37 Horse Collar
22:13 Padded Archer Armor
28:31 Imperial Age
26:06 Loom
26:57 Wheelbarrow
26:50 Fletching
31:39 Wheelbarrow
36:51 Bow Saw
37:53 Heavy Plow
38:11 Gold Mining
38:53 Hand Cart
43:16 Imperial Age
40:59 Stone Mining
42:14 Scale Barding Armor
42:20 Forging
43:15 Chain Barding Armor
43:40 Bloodlines
43:32 Husbandry
43:20 Cavalier
44:43 Iron Casting
44:41 Paladin
46:15 Plate Barding Armor
45:50 Bodkin Arrow
46:49 Conscription
bindella
10:07 Feudal Age
14:46 Castle Age
13:55 Double-Bit Axe
13:54 Horse Collar
15:52 Town Watch
16:37 Bow Saw
22:13 Wheelbarrow
22:32 Gold Mining
23:19 Heavy Plow
23:29 Stone Mining
28:29 Imperial Age
25:46 Loom
27:03 Hand Cart
26:46 Fletching
27:49 Bodkin Arrow
28:06 Padded Archer Armor
29:17 Siege Engineers
28:42 Onager
29:55 Bracer
30:15 Leather Archer Armor
31:37 Two-Man Saw
32:08 Gold Shaft Mining
32:17 Ring Archer Armor
32:52 Chemistry
35:25 Yeomen
36:41 Conscription
36:44 Elite Longbowman
38:38 Warwolf
40:37 Town Patrol
40:34 Murder Holes
40:49 Masonry
40:51 Fortified Wall
40:31 Guard Tower
41:02 Ballistics
41:12 Caravan
41:42 Coinage
41:20 Scale Barding Armor
41:25 Forging
42:36 Hoardings
47:56 Scale Mail Armor
48:18 Chain Barding Armor
48:34 Iron Casting
48:32 Architecture
47:43 Treadmill Crane
47:53 Heated Shot
48:39 Keep
47:49 Arrowslits
Connection lost

Rejoining the realm…

Still unreachable

The connection could not be restored.

Session expired

The server has moved on; the page needs a fresh start.